 Dungeon Crawl Stone Soup version 0.26.1-2-gb8aa6d0cf2 (webtiles) character file.

Game seed: 16154362571845353773

103 Gadfly the Skirmisher (level 4, 0/48 HPs)
             Began as an Ogre Monk on Feb 12, 2021.
             Slain by a goblin
             ... wielding a +0 club
              (3 damage)
             ... on level 2 of the Dungeon.
             The game lasted 00:01:47 (1616 turns).

Gadfly the Skirmisher (Ogre Monk)                   Turns: 1616, Time: 00:01:48

Health: 0/48       AC:  3    Str: 16    XL:     4   Next: 79%
Magic:  5/5        EV: 10    Int: 11    God:
Gold:   100        SH:  0    Dex: 11    Spells: 3/3 levels left

rFire    . . .     SeeInvis .   b - +3 dagger (venom)
rCold    . . .     Faith    .   (no shield)
rNeg     . . .     Spirit   .   g - +0 robe
rPois    .         Reflect  .   (helmet restricted)
rElec    .         Harm     .   (no cloak)
rCorr    .         Rampage  .   (gloves unavailable)
Will     .....                  (boots unavailable)
Stlth    ++........             (no amulet)
HPRegen  0.16/turn              (no ring)
MPRegen  0.09/turn              (no ring)

@: brilliant, flying
A: large, unfitting armour, tough skin 1
a: no special abilities


You were on level 2 of the Dungeon.
You visited 1 branch of the dungeon, and saw 2 of its levels.

You collected 100 gold pieces.

Inventory:

Hand Weapons
 a - a +0 mace
 b - a +3 dagger of venom (weapon)
Missiles
 i - 16 stones (quivered)
Armour
 g - a +0 robe (worn)
Scrolls
 h - a scroll of identify
 k - a scroll of magic mapping {unknown}
Potions
 d - a potion of brilliance
 e - 2 potions of haste
 f - a potion of might
 j - a potion of heal wounds {unknown}


   Skills:
 - Level 4.0 Fighting
 + Level 2.9 Maces & Flails
 * Level 1.7 Throwing
 * Level 1.5 Armour
 - Level 2.6 Dodging
 - Level 1.4 Stealth
 * Level 1.8 Invocations
 * Level 1.4 Evocations


You had 3 spell levels left.
You didn't know any spells.
Your spell library was empty.

Dungeon Overview and Level Annotations

Branches:
Dungeon (2/15)

Altars:


Innate Abilities, Weirdness & Mutations

You are too large for most types of armour.
You have tough skin. (AC +1)


Message History

The goblin barely misses you.
Items here: ) / [ †.
You hit the goblin.
The goblin is poisoned.
The goblin is heavily wounded.
The goblin hits you.
* * * LOW HITPOINT WARNING * * *
You closely miss the goblin.
The goblin is heavily wounded.
You kill the goblin!
The goblin hits you with a +0 club.
* * * LOW HITPOINT WARNING * * *
You barely miss the goblin. The goblin hits you with a +0 club.
* * * LOW HITPOINT WARNING * * *
It was a potion of flight.
You feel very buoyant.
You fly up into the air.
It was a potion of brilliance.
You feel clever all of a sudden. The goblin hits you with a +0 club.
You die...

>....####.##.##......#....###†###
.....................#.......†###
†....#.##.##.##.........#<....)..
#...##[##.##.##...g....####...)..
...)......##.#.)......## #.####.
.#.###.##.##.#)#####..# #†# #.
.#.# #.#.....#.# #..# #.# #.
.#.###.........#####..# #.# ##
.#..............@g...## #.#
.#######.........g...# #.# .#
#....#8.....8## #.# .#
#....#.).....# #.# .#
#..###8.....8# #.# .# ##.#
#.......#######.# .# #.#
#8.....8##......#### .# #.#
#.......##.###.....# .# #.#
#8.....8##.# #....|#


You could see 2 goblins.

Vanquished Creatures
  Ijyb (D:2)
  An adder (D:2)
  2 worms (D:2)
  3 dart slugs
  3 giant cockroaches
  15 goblins
  4 hobgoblins
  4 jackals (D:2)
  A quokka (D:2)
  A ball python (D:2)
  7 bats
  2 frilled lizards
  4 kobolds
  6 rats
54 creatures vanquished.

Notes
Turn   | Place    | Note
-------+----------+-------------------------------------------
     0 | D:1      | Gadfly the Ogre Monk began the quest for the Orb.
     0 | D:1      | Reached XP level 1. HP: 24/24 MP: 1/1
   171 | D:1      | Reached XP level 2. HP: 31/32 MP: 2/2
   543 | D:1      | Reached skill level 1 in Invocations
   652 | D:1      | Reached skill level 1 in Throwing
   654 | D:1      | Reached XP level 3. HP: 39/39 MP: 3/3
   957 | D:2      | Reached skill level 1 in Armour
   957 | D:2      | Reached skill level 1 in Evocations
  1284 | D:2      | Reached XP level 4. HP: 48/48 MP: 5/5
  1573 | D:2      | Noticed Ijyb
  1597 | D:2      | Killed Ijyb
  1612 | D:2      | HP: 2/48 [goblin/+0 club (3)]
  1616 | D:2      | Slain by a goblin

Illustrated notes

Levels and vault maps discovered:
D:1:      grunt_arrival_crossed_arrows, layout_loops_ring
D:2:      kennysheep_the_goblin_king, layout_loops_ring

Skill      XL: |  1  2  3 |
---------------+----------+-----
Invocations    | 1 |  1.8
Throwing       | 1 |  1.7
Armour         | 1 |  1.5
Evocations     | 1 |  1.4
Fighting       | |  4.0
Maces & Flails | |  2.9
Dodging        | |  2.6
Stealth        | |  1.4

Action                   |  1- 3 |  4- 6 || total
-------------------------+-------+-------++-------
Melee: Mace              |     8 |       ||     8
       Dagger            |    75 |    37 ||   112
  Use: Scroll            |       |     3 ||     3
       Potion            |       |     2 ||     2
 Stab: Sleeping          |     3 |       ||     3
Armor: Robe              |    26 |    20 ||    46
Dodge: Dodged            |    40 |    26 ||    66
